 Dungeon Crawl Stone Soup version 0.29.1-15-g9cfb28693d (webtiles) character file.

Game seed: 1595446969601481378

2 safid the Chiller (level 1, 0/14 HPs)
             Began as a Merfolk Ice Elementalist on Apr 10, 2023.
             Slain by a ball python (1 damage)
             ... on level 1 of the Dungeon.
             The game lasted 00:00:26 (90 turns).

safid the Chiller (Merfolk Ice Elementalist)          Turns: 90, Time: 00:00:26

Health: 0/14       AC:  2    Str:  8    XL:     1   Next: 40%
Magic:  0/3        EV:  9    Int: 14    God:
Gold:   0          SH:  0    Dex: 14    Spells: 3/4 levels left

rFire   . . .      SeeInvis .   (no weapon)
rCold   . . .      Faith    .   (no shield)
rNeg    . . .      Spirit   .   a - +0 robe
rPois   .          Reflect  .   (no helmet)
rElec   .          Harm     .   (no cloak)
rCorr   .          Rampage  .   (no gloves)
Will    .....                   (no boots)
Stlth   ++........              (no amulet)
HPRegen 0.04/turn               (no ring)
MPRegen 0.08/turn               (no ring)

@: constricted
A: (nimble swimmer 2), mertail
a: no special abilities


You were on level 1 of the Dungeon.
You visited 1 branch of the dungeon, and saw 1 of its levels.

Inventory:

Armour
 a - a +0 robe (worn)
Scrolls
 c - a scroll of identify {unknown}
Potions
 b - a potion of magic


   Skills:
 + Level 0.3 Fighting
 - Level 2.6 Dodging
 - Level 2.1 Stealth
 + Level 2.0 Spellcasting
 + Level 4.4 Ice Magic


You had 3 spell levels left.
You knew the following spells:

 Your Spells              Type           Power      Damage    Failure   Level
a - Freeze                Ice            52%        1d7       3%          1

Your spell library contained the following spells:

 Spells                   Type           Power      Damage    Failure   Level
 Frozen Ramparts          Ice            26%        1d4       12%         3
 Ozocubu's Armour         Ice            13%        N/A       12%         3
 Hailstorm                Conj/Ice       7%         3d4       67%         4


Dungeon Overview and Level Annotations

Branches:
Dungeon (1/15)

Altars:


Innate Abilities, Weirdness & Mutations

((You are very nimble when in or above water. (Stealth+, EV+, Speed+++)))
Your lower body shifts to a powerful aquatic tail in water.


Message History

The gnoll is almost dead.
The gnoll hits you with a +0 club.
Unknown command.
You hit the gnoll.
The gnoll is almost dead.
The ball python barely misses you. x2; The gnoll misses you.
You hit the gnoll but do no damage.
The gnoll is almost dead.
The ball python bites you. The ball python closely misses you.
The gnoll hits you with a +0 club!
Ouch! That really hurt!
* * * LOW HITPOINT WARNING * * *
You are too injured to fight recklessly!
You hit the ball python.
The ball python is heavily wounded.
The ball python bites you.
* * * LOW HITPOINT WARNING * * *
The ball python closely misses you. The gnoll hits you but does no damage.
The ball python closely misses you. The ball python grabs you.
The ball python constricts you.
You hit the gnoll but do no damage.
The gnoll is almost dead.
The ball python bites you.
* * * LOW HITPOINT WARNING * * *
The ball python constricts you. The gnoll barely misses you.
Unknown command.
You hit the gnoll but do no damage.
The gnoll is almost dead.
The ball python barely misses you. The ball python constricts you.
The gnoll barely misses you.
Unknown command.
You hit the gnoll.
The gnoll is almost dead.
The ball python bites you but does no damage.
The ball python constricts you. The gnoll barely misses you.
Unknown command.
You barely miss the gnoll.
The gnoll is almost dead.
The ball python bites you.
You die...

...... ..... .... ##
...[ . .. #. ...########
. ###.###.. ....$......
........##.###.#........
##...##......#.#gS......
...............#@.......
........................
.......######...........
.......# #......#..####
......#####....#.##..#
.....#.......#....##..#
#.#..#.#####.##.#.# #.#
...................# .#
†...#..####.###[#### #


You could see a gnoll and a ball python.

Vanquished Creatures
  A bat (D:1)
  A giant cockroach (D:1)
2 creatures vanquished.

Notes
Turn   | Place    | Note
-------+----------+-------------------------------------------
     0 | D:1      | safid the Merfolk Ice Elementalist began the quest for the
                  | Orb.
     0 | D:1      | Reached XP level 1. HP: 13/13 MP: 3/3
    90 | D:1      | Slain by a ball python

Illustrated notes

Levels and vault maps discovered:
D:1:      heliophobic_arrival_henge, layout_rooms,
          shapermc_ecumenical_altar_hornbeckon, grunt_decor_fettered

Action                   || total
-------------------------++-------
Melee: Unarmed           ||     9
 Cast: Freeze            ||     6
Armor: Robe              ||     4
Dodge: Dodged            ||    15
